 Dungeon Crawl Stone Soup version 0.26.0-15-gc6cd9f7 (webtiles) character file.

Game seed: 18442906986661338916

6052 brinewave the Fighter (level 10, 0/97 HPs)
             Began as a Minotaur Monk on Jan 24, 2021.
             Was a Follower of Uskayaw.
             Slain by a yak (6 damage)
             ... while petrified by a basilisk
             ... on level 1 of the Lair of Beasts.
             The game lasted 00:35:01 (8651 turns).

brinewave the Fighter (Minotaur Monk)               Turns: 8651, Time: 00:35:01

Health: 0/97       AC: 11    Str: 15    XL:     10   Next: 57%
Magic:  9/9        EV:  2    Int:  7    God:    Uskayaw [*.....]
Gold:   155        SH:  0    Dex: 17    Spells: 9/9 levels left

rFire    + . .     SeeInvis .   t - +4 falchion (elec)
rCold    + . .     Faith    .   (no shield)
rNeg     + + +     Spirit   .   P - +2 robe {rN+}
rPois    ∞         Reflect  .   (helmet restricted)
rElec    .         Harm     .   b - scarf {rC+ rF+}
rCorr    .         Rampage  .   F - +0 pair of gloves
Will     .....                  i - +0 pair of boots
Stlth    ++........             (no amulet)
HPRegen  0.26/turn              u - ring of flight
MPRegen  0.11/turn              v - +4 ring of protection

@: petrified
A: retaliatory headbutt, horns 2
a: Renounce Religion, Evoke Flight, Stomp


You were on level 1 of the Lair of Beasts.
You worshipped Uskayaw.
Uskayaw was noncommittal.
You visited 3 branches of the dungeon, and saw 10 of its levels.

You collected 406 gold pieces.
You spent 251 gold pieces at shops.

Inventory:

Hand Weapons
 a - a +0 falchion
 n - a +0 scimitar of flaming
 o - a +2 falchion of freezing
 q - a +4 quarterstaff of chaos
 t - a +4 falchion of electrocution (weapon)
 w - a +1 falchion of venom
 E - a +1 shortbow of flaming
 H - a +1 vorpal long sword
 J - a +1 vampiric trident
Missiles
 e - 245 arrows
 j - 66 bolts
 r - 8 boomerangs
 y - 3 boomerangs of dispersal (quivered)
 z - 8 javelins
 B - 22 poisoned darts
Armour
 b - a scarf of resistance (worn)
 i - a +0 pair of boots (worn)
 F - a +0 pair of gloves (worn)
 P - a +2 robe of positive energy (worn)
Jewellery
 u - a ring of flight (left hand)
 v - a +4 ring of protection (right hand)
 L - an uncursed ring of magical power
Wands
 k - a wand of digging (6)
 l - a wand of enslavement (6)
 A - a wand of flame (15)
 C - a wand of disintegration (11)
 G - a wand of iceblast (16)
 N - a wand of acid (11)
Scrolls
 d - 4 scrolls of magic mapping
 g - 2 scrolls of identify
 h - a scroll of amnesia {unknown}
 m - 3 scrolls of remove curse
 M - 2 scrolls of fog
Potions
 c - 2 potions of cancellation
 f - 2 potions of attraction
 p - 2 potions of flight
 x - 5 potions of curing
 D - a potion of lignification
 I - a potion of resistance
 K - 2 potions of haste
 Q - a potion of ambrosia {unknown}
 R - a potion of invisibility {unknown}


   Skills:
 + Level 11.7 Fighting
 + Level 11.7 Long Blades
 + Level 6.6 Bows
 + Level 7.1 Armour
 - Level 3.2 Dodging
 - Level 1.5 Stealth


You had 9 spell levels left.
You didn't know any spells.
Your spell library contained the following spells:

 Spells                   Type           Power        Failure   Level
 Animate Skeleton         Necr           0%           43%         1
 Apportation              Tloc           0%           43%         1
 Corona                   Hex            0%           43%         1
 Summon Small Mammal      Summ           0%           43%         1
 Poisonous Vapours        Pois/Air       0%           56%         2
 Conjure Flame            Conj/Fire      0%           80%         3
 Mephitic Cloud           Conj/Pois/Air  0%           80%         3
 Freezing Cloud           Conj/Ice/Air   0%           100%        6


Dungeon Overview and Level Annotations

Branches:
Dungeon (8/15)             Temple (1/1) D:6            Lair (1/6) D:8

Altars:
Ashenzari
Cheibriados
Dithmenos
Elyvilon
Fedhas
Gozag
Hepliaklqana
Kikubaaqudgha
Makhleb
Nemelex Xobeh
Okawaru
Qazlal
Ru
Sif Muna
Trog
Uskayaw
Vehumet
Wu Jian
Yredelemnul
The Shining One

Shops:
D:4 }   D:5 ?[**

Portals:
Volcano: Lair:1


Innate Abilities, Weirdness & Mutations

You reflexively headbutt those who attack you in melee.
You have a pair of horns on your head.


Message History

The basilisk bites you.
* * * LOW HITPOINT WARNING * * *
The basilisk bites you but does no damage.
The basilisk gazes at you. The yak gores you!
* * * LOW HITPOINT WARNING * * *
The basilisk bites you.
* * * LOW HITPOINT WARNING * * *
The yak gores you!
* * * LOW HITPOINT WARNING * * *
The basilisk bites you.
* * * LOW HITPOINT WARNING * * *
The yak gores you. The basilisk bites you!
* * * LOW HITPOINT WARNING * * *
The yak completely misses you. The basilisk bites you!
* * * LOW HITPOINT WARNING * * *
The yak gores you!
You die...

.........## ### ..........#
#.# # .........## ####.# #..
.........### #....## .YY.
...........###.....## ..Y..
...........##.....#.###......
.........#...YY.###YlY.#
#.......##..YYl##..YY........
......####..Y@##....8....##..
....# #....##...##.##...#
.### ##..##...# ### ....#
#.......# ##.... #...#...
.... #.+.... ... .# ##


You could see 5 yaks and a basilisk.

Vanquished Creatures
  Erica (D:8)
  Maggie (D:8)
  A rime drake (Lair:1)
  A troll (D:7)
  A polar bear (Lair:1)
  Prince Ribbit (D:7)
  Sigmund (D:5)
  A yak (Lair:1)
  Eustachio (D:4)
  Edmund (D:4)
  Menkaure (D:7)
  A water moccasin (Lair:1)
  4 orc warriors
  2 ice beasts
  2 black bears
  2 ogres
  A phantom (D:8)
  5 wolves (Lair:1)
  3 centaurs
  2 bullfrogs
  2 big kobolds (D:8)
  A gnoll sergeant (D:6)
  A scorpion (D:4)
  4 wights (D:8)
  5 killer bees (D:8)
  A bullfrog zombie (D:5)
  4 hounds
  A quasit (D:5)
  5 orc priests
  Crazy Yiuf (D:3)
  2 iguanas
  10 orc wizards
  6 worker ants
  A killer bee zombie (D:7)
  A howler monkey zombie (D:8)
  2 worker ant zombies
  4 gnolls (D:6)
  2 adders
  A shadow imp (D:7)
  2 white imps
  3 oozes
  5 worms
  A dart slug (D:3)
  7 leopard geckos
  29 orcs
  2 bats
  4 giant cockroaches
  3 hobgoblins
  19 jackals
  12 kobolds
  3 quokkas
  5 frilled lizards
  7 goblins
  A jackal zombie (D:8)
  A leopard gecko zombie (D:5)
  11 rats
202 creatures vanquished.

Vanquished Creatures (others)
  A fungus (Lair:1)
1 creature vanquished.

Grand Total: 203 creatures vanquished

Notes
Turn   | Place    | Note
-------+----------+-------------------------------------------
     0 | D:1      | brinewave the Minotaur Monk began the quest for the Orb.
     0 | D:1      | Reached XP level 1. HP: 19/19 MP: 0/0
   203 | D:1      | Reached XP level 2. HP: 27/27 MP: 1/1
   762 | D:2      | Reached XP level 3. HP: 34/34 MP: 2/2
   893 | D:2      | Found a hide-covered altar of Uskayaw.
   901 | D:2      | Became a worshipper of Uskayaw the Reveller
   901 | D:2      | Reached * piety under Uskayaw
   925 | D:2      | Reached ** piety under Uskayaw
  1842 | D:2      | Reached XP level 4. HP: 41/41 MP: 3/3
  1998 | D:3      | Reached skill level 5 in Fighting
  1998 | D:3      | Reached skill level 5 in Long Blades
  2124 | D:3      | Reached *** piety under Uskayaw
  2250 | D:3      | Found a faded altar of an unknown god.
  2274 | D:3      | Found a runed translucent door.
  2275 | D:3      | Noticed Crazy Yiuf
  2281 | D:3      | Killed Crazy Yiuf
  2282 | D:3      | Reached XP level 5. HP: 42/48 MP: 4/4
  2959 | D:4      | Noticed Eustachio
  2979 | D:4      | Killed Eustachio
  2980 | D:4      | Reached XP level 6. HP: 44/58 MP: 5/5
  3057 | D:4      | Noticed Edmund
  3068 | D:4      | Killed Edmund
  3100 | D:4      | Found an iron altar of Okawaru.
  3130 | D:4      | Reached XP level 7. HP: 19/66 MP: 6/6
  3516 | D:4      | Found a blossoming altar of Fedhas.
  3763 | D:4      | Found Wawkeuf's Gadget Boutique.
  3966 | D:4      | Bought a wand of disintegration (11) for 195 gold pieces
  4257 | D:5      | Entered Level 5 of the Dungeon
  4257 | D:5      | Found Eptasap's Assorted Antiques.
  4272 | D:5      | Reached **** piety under Uskayaw
  4282 | D:5      | Bought a scroll labelled ESUHETA EHAX for 17 gold pieces
  4282 | D:5      | Bought a scroll labelled WARILE PAIZOF for 17 gold pieces
  4416 | D:5      | Reached XP level 8. HP: 61/75 MP: 7/7
  4522 | D:5      | Found Wuh Pile's Antique Armour Emporium.
  4619 | D:5      | Found a stormy altar of Qazlal.
  4652 | D:5      | Found a sacrificial altar of Ru.
  4701 | D:5      | Found Buminlau's Assorted Antiques.
  4729 | D:5      | Noticed Sigmund
  4730 | D:5      | Found a stormy altar of Qazlal.
  4736 | D:5      | Killed Sigmund
  4833 | D:5      | Found Hajupt's Magic Scroll Boutique.
  4836 | D:5      | Bought a scroll of identify for 22 gold pieces
  5056 | D:6      | Found a staircase to the Ecumenical Temple.
  5146 | Temple   | Entered the Ecumenical Temple
  5423 | D:6      | Reached skill level 1 in Bows
  5423 | D:6      | Reached skill level 1 in Armour
  5859 | D:7      | Reached skill level 10 in Fighting
  5859 | D:7      | Reached skill level 10 in Long Blades
  5882 | D:7      | Reached XP level 9. HP: 27/85 MP: 8/8
  6591 | D:7      | Noticed a troll
  6591 | D:7      | Noticed Menkaure
  6602 | D:7      | Killed a troll
  6616 | D:7      | Killed Menkaure
  6671 | D:7      | Noticed Prince Ribbit
  6714 | D:7      | Killed Prince Ribbit
  7326 | D:8      | Noticed Erica
  7359 | D:8      | Killed Erica
  7360 | D:8      | Reached skill level 5 in Armour
  7419 | D:8      | Reached skill level 5 in Bows
  7448 | D:8      | Found an opulent altar of Gozag.
  7649 | D:8      | Reached XP level 10. HP: 79/95 MP: 9/9
  7994 | D:8      | Reached ***** piety under Uskayaw
  8004 | D:8      | Noticed Maggie
  8018 | D:8      | Killed Maggie
  8208 | D:8      | Found a staircase to the Lair.
  8232 | Lair:1   | Entered Level 1 of the Lair of Beasts
  8494 | Lair:1   | Noticed a four-headed hydra
  8551 | Lair:1   | Found a dark tunnel.
  8651 | Lair:1   | Slain by a yak

Illustrated notes

Levels and vault maps discovered:
D:1:      minmay_arrival_floating_metal, layout_basic
D:2:      layout_basic, old_standard_altar, serial_co_window_serial,
          co_window_paths_b, co_window_corner_a, co_window_paths_a,
          co_window_paths_a, co_window_corner_a, co_window_of_opportunity_b,
          co_window_paths_c, co_window_2corner, co_window_paths_d,
          glass_columns_a, chequers_serial_rivers_small_3,
          minmay_increasing_density
D:3:      layout_basic, chequers_ecumenical_altar_simple,
          uniq_crazy_yiuf_cottage
D:4:      layout_basic, okawaru_trees_1, serial_shops, shop,
          small_statue_intersection, lemuel_tele_altar, uniq_eustachio,
          uniq_edmund
D:5:      layout_rooms, overflow_temple_1_default, nicolae_ru_path_of_blood,
          basic_altar, serial_shops, shop, shop, shop, kennysheep_mini,
          uniq_sigmund
D:6:      layout_gridville, minmay_temple_entry_proselytizer
D:7:      layout_basic, uniq_menkaure, uniq_prince_ribbit1
D:8:      layout_layer_cave, lemuel_crystal_altar, lair_entry_dummy,
          uniq_maggie, uniq_erica
Temple:   regret_index_temple_generic_petals
Lair:1:   layout_cave_pods, nicolae_volcano_entry_lava_flow,
          beast_lair_carwin_1, infiniplex_staircase_pool_2, lemuel_fruit_fields,
          grunt_megastairs_5

Skill      XL: |  1  2  3  4  5  6  7  8  9 10 |
---------------+-------------------------------+-----
Fighting       | 4 5 6 7 8 10 11 | 11.7
Long Blades    | 4 5 6 7 8 10 11 | 11.7
Bows           | 2 5 6 |  6.6
Armour         | 2 5 7 |  7.1
Dodging        | |  3.2
Stealth        | |  1.5

Action                   |  1- 3 |  4- 6 |  7- 9 | 10-12 || total
-------------------------+-------+-------+-------+-------++-------
Melee: Falchion          |    84 |    78 |   224 |   109 ||   495
       Headbutt          |    21 |    22 |    47 |    22 ||   112
  Use: Scroll            |     4 |     3 |    12 |     1 ||    20
       Potion            |       |       |       |     1 ||     1
 Stab: Sleeping          |     5 |     2 |     3 |     1 ||    11
       Paralysed         |       |     2 |     5 |     3 ||    10
Armor: Leather armour    |    13 |     7 |    53 |       ||    73
       Robe              |       |       |     9 |    44 ||    53
Dodge: Dodged            |    40 |    39 |   111 |    78 ||   268
       Rpst.: Falchion   |    11 |    13 |    27 |    11 ||    62
